Map: Site Delta LE

Players

SneezeCat

  • Race: Zerg Zerg
  • Spawn Location: 5:00

amadeo - Winner!

  • Race: Protoss Protoss
  • Spawn Location: 11:00

VOD

Have the link to the VOD?

Description

Time

  • Played on: Sept. 15, 2024, 1:03 a.m.
  • Length: 12:34
Show
View Real Time Build Order
Export as new Build Order

SneezeCat Zerg 

Build Orders: 3 Hatch before Pool 

Get SALT Encoding   

  12  2:06  Evolution Chamber  
  11  2:29  Hatchery  
  10  3:09  Extractor  
  9  4:36  Extractor  
  8  5:06  Overlord  
  8  5:08  Drone  
  9  5:28  Zerg Missile Weapons Level 1  
  9  7:05  Hatchery  
  8  7:22  Zerg Melee Weapons Level 1  
  8  7:52  Burrow  
  8  9:16  Zerg Ground Armor Level 1  
  8  9:39  Drone  
  8  9:41  Drone  
  8  9:42  Drone  
  1  10:48  Spawning Pool  
    11:19  Overlord  
    11:22  Overlord x2  
    11:30  Overlord x2  
Show
View Real Time Build Order
Export as new Build Order

amadeo Protoss - Winner!

Build Orders:  

Get SALT Encoding   

  12  0:10  Probe  
  13  0:22  Probe  
  14  0:34  Probe (Chrono Boost)  
  15  2:15  Assimilator  
  15  3:21  Pylon  
  15  3:39  Probe  
  16  3:51  Probe  
  17  4:04  Probe  
  18  4:28  Gateway  
  18  4:34  Forge  
  18  5:08  Protoss Ground Weapons Level 1  
  18  5:17  Zealot  
  20  5:44  Zealot  
  20  5:45  Photon Cannon  
  22  6:22  Pylon  
  22  6:36  Pylon  
  22  6:40  Assimilator, Zealot  
  24  6:51  Assimilator  
  24  7:01  Nexus  
  24  7:07  Zealot  
  26  7:09  Protoss Ground Armor Level 1  
  26  7:34  Zealot  
  28  8:02  Zealot  
  30  8:29  Zealot  
  32  8:56  Zealot  
  34  9:11  Protoss Shields Level 1  
  34  11:11  Zealot  
  36  11:38  Zealot  
  38  12:05  Zealot  
Tags
 
Add a new tag
Caveats
  • Supply blocks, unpowered buildings, or Contaminate may cause inaccurate times.
  • Supply counts are checked every 10 seconds.